 Dungeon Crawl Stone Soup version 0.31.0-9-g3a7656b989 (webtiles) character file.

Game seed: 11447257963848776403

609 qw the Ducker (level 7, 0/35 HPs)
             Began as a Spriggan Hunter on Feb 2, 2024.
             Incinerated by a bombardier beetle (2 damage)
             ... with a burning spray
             ... on level 5 of the Dungeon.
             The game lasted 00:00:14 (3696 turns).

qw the Ducker (Spriggan Hunter)                     Turns: 3696, Time: 00:00:14

Health: 0/35       AC:  2    Str:  7    XL:     7   Next: 19%
Magic:  8/8        EV: 22    Int: 11    God:
Gold:   216        SH:  0    Dex: 20    Spells: 6/6 levels left

rFire   . . .        a - +1 shortbow
rCold   . . .        (shield currently unavailable)
rNeg    . . .        c - +0 robe
rPois   .            (helmet restricted)
rElec   .            (no cloak)
rCorr   .            (gloves unavailable)
SInv    +            (boots unavailable)
Will    ++...        g - amulet of regeneration
Stlth   +            i - ring of willpower
HPRegen 1.05/turn    (no ring)
MPRegen 0.11/turn

%: no passive effects
@: on fire, glowing, very quick
A: very small, no large weapons, unfitting armour, see invisible, speed 3
a: no special abilities


You were on level 5 of the Dungeon.
You visited 1 branch of the dungeon, and saw 5 of its levels.

You collected 216 gold pieces.


Innate Abilities, Weirdness & Mutations

You are very small and have problems with some larger weapons.
You are too small for most types of armour.
You have supernaturally acute eyesight. (SInv)
You cover ground extremely quickly. (Speed+++)


   Skills:
 - Level 2.0 Fighting
 + Level 7.0 Ranged Weapons
 - Level 7.1 Dodging
 - Level 1.5 Stealth


You had 6 spell levels left.
You didn't know any spells.
Your spell library was empty.

Inventory:

Hand Weapons
 a - a +1 shortbow (weapon)
Armour
 c - a +0 robe (worn)
Jewellery
 g - an amulet of regeneration (around neck)
 i - a ring of willpower (left hand)
Scrolls
 f - 3 scrolls of enchant armour
Potions
 d - a potion of enlightenment

Dungeon Overview and Level Annotations

Branches:
Dungeon (5/15)
 Temple: D:4-7

Altars:


Message History

The arrow barely misses the bombardier beetle.
You shoot an arrow. The arrow hits the bombardier beetle!
The bombardier beetle is severely wounded.
The orc priest miscasts a cantrip.
You shoot an arrow.
The arrow barely misses the bombardier beetle.
The orc priest invokes the aid of Beogh against you.
Beogh smites you!
You shoot an arrow. The arrow hits the bombardier beetle.
The bombardier beetle is almost dead.
You shoot an arrow. The arrow hits the bombardier beetle.
The bombardier beetle is almost dead.
The bombardier beetle sprays incendiary fluid at you.
The burning spray hits you.
You are covered in liquid fire!
You shoot an arrow. The arrow hits the bombardier beetle!
You kill the bombardier beetle!
The liquid fire burns you!
You shoot an arrow.
The arrow closely misses the orc priest.
The liquid fire burns you!
You shoot an arrow. The arrow barely misses the orc priest.
The liquid fire burns you!
You shoot an arrow. The arrow hits the orc priest!
The orc priest is severely wounded.
The liquid fire burns you!
The orc priest looks braver for a moment.
You shoot an arrow. The arrow hits the orc priest!
You kill the orc priest!
The liquid fire burns you!
Your Dodging skill increases to level 7!
You are on fire!
The liquid fire burns you!
You are on fire!
The liquid fire burns you!
You are on fire!
The liquid fire burns you!
You are on fire!
The liquid fire burns you!
You die...

......# .....
[#.8.#.. .>....! .
.......# .......
..#.#.#..# .......
...!.....##.......
#..#...#........
#...#.#........
#.!@).........
#......#.<.......
#.###..#.........
#+####.......
....... .......
....... .......
.......


There were no monsters in sight!

Vanquished Creatures
  A centaur (D:4)
  A phantom (D:4)
  A bombardier beetle (D:5)
  A jelly (D:4)
  2 orc priests
  Terence (D:3)
  Natasha (thrice) (D:4)
  An iguana (D:4)
  An orc wizard (D:4)
  5 adders
  4 gnolls (D:2)
  A dart slug (D:1)
  A ribbon worm (D:2)
  11 orcs
  3 bats
  12 endoplasms
  2 giant cockroaches
  8 goblins
  10 hobgoblins
  3 jackals (D:2)
  3 quokkas
  3 ball pythons
  3 frilled lizards
  8 kobolds
  2 rats
91 creatures vanquished.

Notes
Turn   | Place    | Note
-------+----------+-------------------------------------------
     0 | D:1      | qw the Spriggan Hunter began the quest for the Orb.
     0 | D:1      | Reached XP level 1. HP: 10/10 MP: 2/2
     0 | D:1      | 0 ||| qw: Version: 0.3-a-155-g5e7d8dd
     0 | D:1      | 0 ||| qw: Game counter: 620
     0 | D:1      | 0 ||| qw: Melee chars always use a shield: true
     0 | D:1      | 0 ||| qw: God list: Okawaru
     0 | D:1      | 0 ||| qw: Allow faded altars: false
     0 | D:1      | 0 ||| qw: Do Orc after clearing Dungeon:15 true
     0 | D:1      | 0 ||| qw: Do second Lair branch before Depths: true
     0 | D:1      | 0 ||| qw: Lair rune preference: random
     0 | D:1      | 0 ||| qw: Goals: Normal
     0 | D:1      | 0 ||| PLANNING D:1-11
   190 | D:1      | Reached skill level 3 in Dodging
   273 | D:1      | Found a faded altar of an unknown god.
   317 | D:1      | Reached XP level 2. HP: 14/14 MP: 3/3
  1138 | D:1      | 1138 ||| UPGRADING to amulet of guardian spirit.
  1143 | D:1      | 1143 ||| DROPPING ring of flight.
  1144 | D:1      | 1144 ||| READING scroll labelled TOLUIW XAEMEG.
  1165 | D:1      | 1165 ||| READING 2 scrolls labelled NOBBOJO OTAFOECS.
  1165 | D:1      | 1165 ||| IDENTIFYING smoky emerald potion
  1166 | D:1      | 1166 ||| READING scroll of identify.
  1166 | D:1      | 1166 ||| IDENTIFYING black potion
  1167 | D:1      | 1167 ||| DRINKING 2 green potions.
  1168 | D:1      | 1168 ||| DROPPING scroll of butterflies.
  1169 | D:1      | 1169 ||| DROPPING potion of berserk rage.
  1193 | D:2      | Reached XP level 3. HP: 18/18 MP: 4/4
  1237 | D:2      | 1237 ||| RETREEEEATING.
  1246 | D:2      | Reached XP level 4. HP: 22/22 MP: 5/5
  2139 | D:2      | 2139 ||| UPGRADING to ring of willpower.
  2140 | D:2      | 2140 ||| READING scroll of identify.
  2140 | D:2      | 2140 ||| IDENTIFYING coppery potion
  2141 | D:2      | 2141 ||| READING scroll labelled JYT RUYZXEFRU.
  2146 | D:2      | 2146 ||| READING scroll labelled LIELOG GIKHY.
  2271 | D:3      | Noticed Terence
  2285 | D:3      | Killed Terence
  2286 | D:3      | Reached XP level 5. HP: 16/26 MP: 3/6
  2644 | D:3      | 2644 ||| READING scroll labelled DETAOL DYEC.
  2645 | D:3      | 2645 ||| READING scroll labelled GITEDOSTAS.
  2646 | D:3      | 2646 ||| READING scroll labelled ZICVIO CUYHORHOMM.
  2747 | D:3      | 2747 ||| READING scroll labelled FEYM YBREROTAT.
  2747 | D:3      | 2747 ||| ENCHANTING +0 shortbow.
  2748 | D:3      | 2748 ||| DRINKING 2 ruby potions.
  2749 | D:3      | 2749 ||| DRINKING golden potion.
  2752 | D:3      | 2752 ||| DROPPING potion of ambrosia.
  2802 | D:4      | Noticed a phantom
  2803 | D:4      | 2803 ||| DRINKING potion of haste.
  2817 | D:4      | Killed a phantom
  2818 | D:4      | Reached skill level 6 in Ranged Weapons
  2872 | D:4      | Noticed Natasha
  2874 | D:4      | Noticed a centaur
  2879 | D:4      | Killed Natasha
  2880 | D:4      | Reached XP level 6. HP: 19/30 MP: 4/7
  2885 | D:4      | HP: 5/30 [centaur (5)]
  2886 | D:4      | 2886 ||| DRINKING potion of heal wounds.
  2889 | D:4      | Reached skill level 6 in Dodging
  3363 | D:4      | Noticed Natasha
  3373 | D:4      | Killed Natasha
  3512 | D:4      | Noticed Natasha
  3514 | D:4      | Killed Natasha
  3557 | D:4      | 3557 ||| UPGRADING to amulet of regeneration.
  3567 | D:4      | 3567 ||| DROPPING amulet of guardian spirit.
  3568 | D:4      | 3568 ||| READING 2 scrolls of identify.
  3568 | D:4      | 3568 ||| IDENTIFYING scroll labelled JUT DAOGGULALA
  3569 | D:4      | 3569 ||| READING scroll of identify.
  3569 | D:4      | 3569 ||| IDENTIFYING 3 scrolls labelled POUFECZYQE
  3570 | D:4      | 3570 ||| DROPPING scroll of poison.
  3616 | D:5      | Entered Level 5 of the Dungeon
  3621 | D:5      | 3621 ||| STAIRDANCE
  3649 | D:5      | 3649 ||| STAIRDANCE
  3652 | D:4      | Reached XP level 7. HP: 21/35 MP: 8/8
  3668 | D:5      | 3668 ||| STAIRDANCE
  3693 | D:5      | HP: 6/35 [burnt (4)]
  3695 | D:5      | HP: 1/35 [burnt (3)]
  3696 | D:5      | Incinerated by a bombardier beetle

Levels and vault maps discovered:
D:1:      dpeg_arrival_circle_labyrinth_c, layout_basic,
          hellmonk_ecumenical_altar_lost_god, serial_curves, eino_curves_01,
          eino_curves_04, eino_curves_03, minivault_23
D:2:      mumra_celtic_spiral_tile, layout_loops_ring
D:3:      layout_rooms, minmay_misc_feat_tower, st_stairs_13, uniq_terence
D:4:      layout_basic, uniq_natasha
D:5:      cheibrodos_quashed, layout_rooms, minmay_temple_entry_sparse_star,
          serial_shops, nicolae_shop_hallway_stairs, nicolae_shop_hallway_plus,
          nicolae_shop_stone, nicolae_book_shop_shelving, uniq_blork_the_orc,
          uniq_duvessa, uniq_crazy_yiuf_cottage, uniq_eustachio

Skill      XL: |  1  2  3  4  5  6  7 |
---------------+----------------------+-----
Dodging        | 3 4 5 6 7 |  7.1
Ranged Weapons | 5 6 7 |  7.0
Fighting       | 2 |  2.0
Stealth        | |  1.5

Action                     |  1- 3 |  4- 6 |  7- 9 || total
---------------------------+-------+-------+-------++-------
   Fire: Shortbow          |    87 |   212 |    20 ||   319
    Use: Scroll            |     3 |     9 |       ||    12
         Potion            |     1 |     4 |       ||     5
 Armour: Robe              |     8 |    28 |     1 ||    37
  Dodge: Dodged            |    24 |    98 |     5 ||   127

Table legend:
 A = Non-vault XP
 B = Vault XP
 C = Vault XP percentage of total XP
 D = Non-vault monster count
 E = Vault monster count
 F = Vault count percentage of total count
                 A         B        C        D         E       F
            +---------+---------+-------+---------+---------+-------
      Total |     792 |      79 |   9.1 |      86 |       5 |   5.5
            +---------+---------+-------+---------+---------+-------
        D:1 |      35 |       0 |   0.0 |      19 |       0 |   0.0
        D:2 |     140 |       0 |   0.0 |      25 |       0 |   0.0
        D:3 |      23 |      44 |  65.7 |      12 |       4 |  25.0
        D:4 |     503 |      35 |   6.5 |      28 |       1 |   3.4
        D:5 |      91 |       0 |   0.0 |       2 |       0 |   0.0
            +---------+---------+-------+---------+---------+-------
